Map: Void Training Stage 3

Players

Ratl

  • Race: Zerg Zerg
  • Spawn Location: 6:00

Player 2 - Winner!

  • Race: Terran Terran
  • Spawn Location: 12:00

VOD

Have the link to the VOD?

Description

Time

  • Played on: Oct. 28, 2019, 9:16 a.m.
  • Length: 14:05
Show
View Real Time Build Order
Export as new Build Order

Ratl Zerg 

Build Orders: Pool First 

Get SALT Encoding   

  12  0:03  Drone  
  13  0:15  Overlord  
  13  0:20  Drone  
  14  0:29  Overlord  
  14  0:42  Drone  
  15  0:43  Drone  
  15  0:49  Overlord  
  16  1:03  Drone  
  17  1:16  Drone  
  18  1:21  Spawning Pool  
  17  1:27  Drone  
  18  1:33  Drone  
  19  1:41  Evolution Chamber  
  19  1:45  Overlord  
  18  1:52  Extractor  
  17  1:56  Drone  
  18  2:14  Hatchery  
  17  2:18  Drone x2  
  19  2:39  Zergling x2  
  19  2:41  Queen  
  22  2:52  Drone  
  23  3:14  Extractor  
  23  3:15  Drone x2  
  24  3:37  Spine Crawler  
  23  3:44  Roach Warren  
  23  3:47  Drone x3  
  25  3:58  Zergling x6  
  28  4:05  Drone x3  
  28  4:07  Queen  
  33  4:17  Zerg Melee Weapons Level 1  
  33  4:22  Zergling x4  
  35  4:39  Drone  
  35  4:40  Drone x2  
  35  4:43  Drone x3  
  41  4:58  Lair  
  41  5:11  Baneling Nest  
  40  5:16  Roach Warren  
  39  5:27  Overlord x3  
  39  5:35  Drone x5  
  44  5:48  Overlord  
  44  5:49  Overlord  
  44  5:55  Zergling x2  
  44  5:56  Zergling x2  
  40  6:10  Spine Crawler  
  39  6:11  Zerg Missile Weapons Level 1  
  38  6:22  Zergling x8  
  41  6:38  Zergling x6  
  41  6:39  Zergling x4  
  44  6:45  Queen  
  46  7:00  Drone x2  
  48  7:05  Zergling x2  
  49  7:55  Hydralisk Den  
  49  7:57  Infestation Pit  
  47  8:16  Roach x2  
  47  8:17  Zergling x4, Roach x2  
  57  8:29  Zergling x2  
  58  8:44  Hatchery  
  58  8:45  Extractor  
  56  9:10  Swarm Host x2  
  56  9:13  Hydralisk  
  64  9:21  Lair  
  64  9:23  Hive  
  64  9:27  Zergling x10  
  69  9:41  Hydralisk x2  
  69  9:42  Hydralisk x2  
  67  9:56  Zergling x2  
  67  9:59  Zergling x2  
  63  10:02  Zergling x10  
  67  10:13  Zergling x2  
  67  10:14  Zergling x4  
  66  10:16  Zergling x4  
  60  10:28  Spine Crawler  
  53  10:52  Glial Reconstitution  
  53  10:54  Metabolic Boost  
  53  10:56  Centrifical Hooks  
  53  10:58  Zerg Melee Weapons Level 2  
  53  11:11  Neural Parasite  
  53  11:16  Drone x3  
  53  11:17  Drone  
  53  11:18  Drone  
  58  11:31  Zergling x2  
  58  11:32  Zergling x10  
  64  11:41  Pneumatized Carapace  
  64  11:53  Drone x3  
  57  12:03  Extractor  
  57  12:04  Extractor  
  57  12:05  Drone x3  
  57  12:07  Queen  
  51  12:11  Tunneling Claws  
  51  12:13  Adrenal Glands  
  51  12:24  Burrow  
  51  12:36  Pathogen Glands  
  51  12:39  Grooved Spines  
  51  12:46  Drone x2  
  51  12:47  Drone  
  51  12:49  Zergling x6  
  57  13:00  Zergling x10  
  62  13:08  Drone x2  
  62  13:09  Drone  
  65  13:16  Roach x2  
  65  13:18  Hatchery  
  68  13:30  Drone x3  
Show
View Real Time Build Order
Export as new Build Order

Player 2 Terran - Winner!

Build Orders:  

Get SALT Encoding   

  12  0:00  SCV  
  13  0:13  SCV  
  14  0:20  Supply Depot  
  14  0:25  SCV  
  15  0:42  SCV  
  16  0:44  Barracks  
  16  0:49  Refinery  
  16  0:54  SCV  
  17  1:06  SCV  
  18  1:16  Supply Depot  
  18  1:32  Marine  
  19  1:33  Barracks, Orbital Command  
  19  1:42  Refinery  
  19  1:51  Barracks Tech Lab  
  19  2:09  Marine  
  19  2:10  Supply Depot  
  20  2:20  Marine  
  21  2:31  Marauder  
  21  2:32  SCV  
  24  2:40  Marine  
  24  2:44  SCV  
  26  2:47  Supply Depot  
  26  2:52  Marauder  
  26  2:55  Engineering Bay  
  26  2:56  SCV  
  29  3:08  SCV  
  30  3:14  Marauder  
  32  3:20  SCV  
  33  3:32  SCV  
  34  3:35  Marauder  
  36  5:07  Barracks Tech Lab  
  36  5:08  SCV, Reaper  
  36  5:09  Factory  
  36  5:12  Factory  
  38  5:14  Supply Depot  
  38  5:16  Missile Turret  
  38  5:17  Missile Turret  
  38  5:21  Sensor Tower  
  38  5:25  Marine, Barracks  
  39  5:37  Bunker  
  39  5:39  Marine  
  40  5:43  Marine  
  41  5:53  Factory Tech Lab  
  41  5:57  Marine, Starport  
  41  5:58  Factory Tech Lab  
  41  5:59  Armory  
  41  6:01  Marauder  
  42  6:06  Command Center  
  38  6:11  Barracks Reactor  
  38  6:16  Marauder  
  38  6:22  Marine  
  37  6:33  Starport Tech Lab  
  37  6:36  Marine  
  38  6:40  Reaper  
  37  6:48  Marine  
  37  6:51  Raven  
  40  6:56  Marauder  
  42  7:03  Marine  
  43  7:13  Marauder  
  45  7:18  SCV  
  45  7:21  SCV  
  47  7:26  Refinery  
  47  7:29  Missile Turret  
  47  7:30  SCV, Missile Turret  
  47  7:31  Refinery  
  47  7:33  SCV  
  47  7:34  Raven  
  51  7:42  SCV  
  52  7:45  SCV  
  52  7:51  Bunker  
  53  7:54  SCV  
  53  7:58  SCV  
  55  8:06  SCV  
  55  8:10  SCV  
  57  8:18  SCV  
  58  8:22  SCV  
  59  8:31  SCV  
  61  8:34  SCV  
  61  8:43  SCV  
  61  8:46  SCV  
  63  8:49  Supply Depot  
  63  8:55  SCV  
  64  8:58  SCV  
  65  9:03  Siege Tank  
  65  9:07  SCV  
  65  9:08  Starport  
  69  9:10  Medivac, Stimpack, Siege Tank  
  69  9:12  Supply Depot  
  69  9:16  Combat Shield  
  74  9:26  Terran Infantry Weapons Level 1  
  74  9:35  Siege Tank  
  74  9:36  Marine  
  74  9:37  Supply Depot  
  78  9:40  Medivac  
  78  9:41  Ghost Academy  
  78  9:43  Marine  
  78  9:45  Starport Tech Lab  
  79  9:49  Engineering Bay  
  79  9:50  Siege Tank  
  80  9:56  Marine  
  80  9:57  Fusion Core  
  81  10:02  Supply Depot  
  81  10:03  Marine, Raven  
  81  10:06  Armory  
  83  10:09  Siege Tank  
  86  10:15  Terran Infantry Armor Level 1  
  86  10:16  Marine  
  87  10:23  Siege Tank  
  78  10:29  Marine  
  78  10:34  Concussive Shells  
  78  10:35  Marine  
  78  10:42  Marine  
  80  10:48  Marine  
  81  10:54  Marine  
  82  11:04  Command Center  
  82  12:16  SCV  
  82  12:17  Refinery  
  82  12:19  SCV  
  82  12:22  SCV  
  85  12:26  Missile Turret  
  85  12:28  SCV  
  85  12:29  Missile Turret  
  86  12:31  SCV, Refinery  
  86  12:34  SCV  
  88  12:40  SCV  
  88  12:43  SCV  
  90  12:46  SCV  
  90  12:49  Bunker  
  91  12:52  SCV  
  91  12:55  Hellion  
  91  12:57  Supply Depot  
  94  13:00  Marine  
  94  13:05  Marine  
  96  13:10  Hellion  
  98  13:16  Siege Tank  
  101  13:31  Siege Tank  
Tags
 
Add a new tag
Caveats
  • Supply blocks, unpowered buildings, or Contaminate may cause inaccurate times.
  • Supply counts are checked every 10 seconds.